 Dungeon Crawl Stone Soup version 0.22-a0-580-gd5db89c (webtiles) character file.

179 Hebeh the Chopper (level 5, -1/47 HPs)
             Began as a Minotaur Fighter on July 2, 2018.
             Killed by nerve-wracking pain
             ... invoked by Grinder
              (8 damage)
             ... while paralysed by Grinder
             ... on level 3 of the Dungeon.
             The game lasted 00:09:57 (1948 turns).

Hebeh the Chopper (Minotaur Fighter)                Turns: 1948, Time: 00:09:57

Health: -1/47      AC:  9    Str: 30    XL:     5   Next: 32%
Magic:  4/4        EV:  2    Int:  5    God:
Gold:   66         SH:  0    Dex:  9    Spells: 4/4 levels left

rFire    . . .     SeeInvis .   q - +1 hand axe (freeze)
rCold    . . .     Gourm    .   c - +0 shield
rNeg     . . .     Faith    .   b - +0 scale mail
rPois    .         Spirit   .   (helmet restricted)
rElec    .         Reflect  .   (no cloak)
rCorr    .         Harm     .   h - +0 pair of gloves {Str+3}
MR       .....                  i - +0 pair of boots
Stlth    ..........             (no amulet)
HPRegen  0.15/turn              (no ring)
MPRegen  0.09/turn              (no ring)

@: paralysed, mighty
A: retaliatory headbutt, horns 2
a: no special abilities


You were on level 3 of the Dungeon.
You were hungry.

You visited 1 branch of the dungeon, and saw 3 of its levels.

You collected 66 gold pieces.

Inventory:

Hand Weapons
 a - a +0 war axe
 k - a +0 spear
 q - a +1 hand axe of freezing (weapon)
Armour
 b - a +0 scale mail (worn)
 c - a +0 shield (worn)
 h - a +0 pair of gloves of strength (worn)
 i - a +0 pair of boots (worn)
Scrolls
 j - a scroll of teleportation {unknown}
 m - 4 scrolls of identify {unknown}
 o - a scroll of fog {unknown}
Potions
 e - a potion of curing {unknown}
 n - a potion of mutation {unknown}
 p - a potion of lignification {unknown}
Comestibles
 f - 4 rations
 g - 9 chunks of flesh


   Skills:
 + Level 4.5 Fighting
 * Level 4.6 Axes
 + Level 4.6 Armour
 + Level 4.6 Shields


You had 4 spell levels left.
You didn't know any spells.
Your spell library contained the following spells:

 Spells                   Type           Power        Failure   Level  Hunger
 Apportation              Tloc           #.....       99%         1    ##.....
 Summon Small Mammal      Summ           #...         99%         1    ##.....
 Animate Skeleton         Necr           N/A          99%         1    ##.....
 Confusing Touch          Hex            #.....       99%         1    ##.....


Dungeon Overview and Level Annotations

Branches:
Dungeon (3/15)

Altars:
Elyvilon

Annotations:
D:3 Grinder


Innate Abilities, Weirdness & Mutations

You reflexively headbutt those who attack you in melee.
You have a pair of horns on your head.


Message History

Pain shoots through your body!
* * * LOW HITPOINT WARNING * * *
There is an open door here.
Grinder barely misses you.
You barely miss Grinder.
Grinder is lightly wounded.
You block Grinder's attack.
You slash Grinder!
Grinder is moderately wounded.
You block Grinder's attack.
Grinder says, "Mostly I couldn't keep them alive."
Grinder blinks!
Grinder says, "Mostly I couldn't keep them alive."
You block Grinder's attack. Grinder gestures at you.
You suddenly lose the ability to move!
Grinder blinks!
Grinder gestures at you. Pain shoots through your body!
You die...

#.# #.............#.##
#.# #.............#..#
#.# #.......#######..#
#.# #.......#######..#
#.############...##...
#.......)...##...##...#
###########......###..#
...[.........###.(##
######..@....'.....#
#.......###...#
#....#+## #.# #....# ..
#...## # #5..# #####


You could see Grinder.

Vanquished Creatures
  An orc priest (D:3)
  An orc wizard (D:3)
  5 adders
  2 worms
  A dart slug (D:1)
  A leopard gecko (D:2)
  9 orcs (D:3)
  A ball python (D:1)
  8 bats
  4 giant cockroaches
  6 goblins
  8 hobgoblins
  3 jackals (D:2)
  5 kobolds
  4 frilled lizards
  5 rats
64 creatures vanquished.

Notes
Turn   | Place    | Note
-------+----------+-------------------------------------------
     0 | D:1      | Hebeh the Minotaur Fighter began the quest for the Orb.
     0 | D:1      | Reached XP level 1. HP: 19/19 MP: 0/0
   241 | D:1      | Reached XP level 2. HP: 27/27 MP: 1/1
   979 | D:2      | Reached XP level 3. HP: 30/33 MP: 2/2
  1242 | D:2      | Found a white marble altar of Elyvilon.
  1446 | D:3      | Reached XP level 4. HP: 30/40 MP: 3/3
  1639 | D:3      | Reached XP level 5. HP: 22/47 MP: 4/4
  1925 | D:3      | Noticed Grinder
  1928 | D:3      | Paralysed by Grinder for 5 turns
  1946 | D:3      | Paralysed by Grinder for 4 turns
  1948 | D:3      | Killed from afar by Grinder

Vault maps used:
D:1:      zelgadis_glass_arrival_small, minmay_bisected
D:2:      elyvilon_altar_1
D:3:      uniq_grinder

Skill      XL: |  1  2  3  4 |
---------------+-------------+-----
Axes           | 3 4 |  4.6
Armour         | 4 |  4.6
Fighting       | 4 |  4.5
Shields        | 4 |  4.6

Action                   |  1- 3 |  4- 6 || total
-------------------------+-------+-------++-------
Melee: War axe           |    93 |    45 ||   138
       Headbutt          |     8 |     8 ||    16
       Hand axe          |       |    13 ||    13
  Use: Scroll            |     1 |     1 ||     2
       Potion            |       |     1 ||     1
  Eat: Chunk             |     2 |     1 ||     3
Armor: Scale mail        |    61 |    23 ||    84
Dodge: Dodged            |    37 |    21 ||    58
Block: Shield            |    55 |    27 ||    82

Table legend:
 A = Spawn XP
 B = Non-spawn XP
 C = Spawn XP percentage of total XP
 D = Spawn monster count
 E = Non-spawn monster count
 F = Spawn count percentage of total count
 G = Total turns spent on level
                    A         B        C        D         E        F      G
               +---------+---------+-------+---------+---------+-------+---------
         Total |       0 |     256 |   0.0 |       0 |      64 |   0.0 |  1948
               +---------+---------+-------+---------+---------+-------+---------
           D:1 |       0 |      30 |   0.0 |       0 |      17 |   0.0 |   887
           D:2 |       0 |      61 |   0.0 |       0 |      20 |   0.0 |   546
           D:3 |       0 |     165 |   0.0 |       0 |      27 |   0.0 |   515
               +---------+---------+-------+---------+---------+-------+---------
